[Event "*** Titled Tuesday Blitz"]
[Site "Chess.com"]
[Date "2020.05.19"]
[Round "1"]
[White "CMS13"]
[Black "jonaszmb"]
[Result "0-1"]
[WhiteElo "2188"]
[BlackElo "2519"]
[TimeControl "180+1"]
[EndTime "12:08:11 PDT"]
[Termination "jonaszmb won by resignation"]

1. e4 c5 2. Nc3 a6 3. f4 b5 4. Nf3 Bb7 5. d4 cxd4 6. Qxd4 Nc6 7. Qf2 e6 8. Bd3 Rc8 9. Be3 Nf6 10. h3 Bb4 11. O-O Bxc3 12. bxc3 O-O 13. Bb6 Qe7 14. e5 Nd5 15. Bxh7+ Kxh7 16. Ng5+ Kg8 17. Qh4 Qxg5 18. fxg5 Nxb6 19. Rae1 Nc4 20. Qg3 Ne7 21. h4 Nf5 22. Qh3 Nd2 23. Rxf5 exf5 24. Qxf5 Bc6 25. h5 Be4 26.
Rxe4 Nxe4 27. Qxe4 Rc4 28. Qf5 Rc6 29. Qxd7 Rxc3 30.
Qf5 Rc6 31. Kh2 Re8 32. Qd7 Rce6 33. g6 fxg6 34. hxg6 Rxe5 35. Qf7+ Kh8 36. Qf3 Kg8 37. Qb3+ R8e6 38. a4 Kf8 39. Qf3+ Ke7 40. Qf7+ Kd6 41. Qxg7 Rh5+ 42. Kg3 Rg5+ 43. Kf2 Rexg6 44. Qf8+ Kd5 45. Qd8+ Kc4 46. Qc7+ Kb4 47. axb5 Rxg2+ 48. Kf3 axb5 49. c3+ Kb3 50. Qc5 R6g5 51. Qd4 R2g3+ 52. Ke2 Rg2+ 53. Kd3 R5g3+ 54. Ke4 Rg4+ 55. Kd5 Rxd4+ 56. cxd4 Rd2 57. Kc5 b4 58. d5 Kc3 59. d6 b3 60. d7 b2 61. Kc6 b1=Q 62. Kc7 Rxd7+ 63. Kxd7 Qd3+ 64. Ke6 Kd4 0-1

[Event "*** Titled Tuesday Blitz"]
[Site "Chess.com"]
[Date "2020.05.19"]
[Round "1"]
[White "dbrankovic68"]
[Black "vanea_03"]
[Result "1/2-1/2"]
[WhiteElo "2352"]
[BlackElo "2637"]
[TimeControl "180+1"]
[EndTime "12:08:12 PDT"]
[Termination "Game drawn by repetition"]

1. e4 e5 2. Nf3 Nc6 3. c3 Nf6 4. d4 Nxe4 5. d5 Ne7 6. Nxe5 Nf6 7. c4 d6 8. Nf3 Ng6 9. Be2 Be7 10. O-O O-O 11.
Nc3 Bg4 12. Nd4 Bxe2 13. Qxe2 Nd7 14. Nf5 Bf6 15. Ne4 Re8 16. Nxf6+ Qxf6 17. Qc2 Nc5 18. Be3 Ne4 19. Ng3 Nxg3 20. hxg3 Ne5 21.
Bd4 Qh6 22. f3 Nd7 23. Rfe1 Nb6 24. b3 Qg5 25. g4 Nd7 26. Qc3 b6 27. Rxe8+ Rxe8 28. Re1 Rxe1+ 29. Qxe1 Kf8 30. Qc3 a5 31. a3 f6 32. b4 axb4 33. axb4 h5 34. gxh5 Qxh5 35. Qd3 Qe8 36. Qe4 Qxe4 37. fxe4 Kf7 38. Kf2 Nb8 39. Ke3 Na6 40. Bc3 Kg6 41. Kf4 Nb8 42. g4 Nd7 43. Bd4 Nf8 44. c5 dxc5 45. bxc5 bxc5 46. Bxc5 Nd7 47. Bd4 Kf7 48. e5 fxe5+ 49. Bxe5 Nxe5 50.
Kxe5 Ke7 51. Kf5 Kd6 52. Ke4 g6 53. g5 Kd7 54. Kd4 Kd6 55. Ke4 Kd7 56. Ke5 Ke7 57. Kd4 Kd6 58. Ke4 1/2-1/2

[Event "*** Titled Tuesday Blitz"]
[Site "Chess.com"]
[Date "2020.05.19"]
[Round "1"]
[White "francyIM"]
[Black "yuki_chess123"]
[Result "1-0"]
[WhiteElo "2506"]
[BlackElo "2132"]
[TimeControl "180+1"]
[EndTime "12:08:12 PDT"]
[Termination "francyIM won on time"]

1. d4 g6 2. e4 Bg7 3. Nf3 c6 4. Bd3 d5 5. exd5 cxd5 6. h3 Nc6 7. c3 Nf6 8. Bf4 O-O 9. Nbd2 Bf5 10. Bxf5 gxf5 11.
O-O e6 12. Ne5 Nxe5 13. Bxe5 Ne4 14. Bxg7 Kxg7 15. Nxe4 fxe4 16. f3 f5 17. Qd2 Kh8 18. fxe4 dxe4 19. c4 Qf6 20. Rae1 Qg7 21. d5 Rad8 22.
d6 Qe5 23. Rd1 f4 24. Qd4 Qxd4+ 25. Rxd4 e3 26. c5 e5 27. Re4 Rf5 28. Rxe3 Kg7 29. Rb3 Rf7 30. Re1 Kf6 31. g3 Rg7 32. Kf2 fxg3+ 33. Rxg3 Rxg3 34. Kxg3 Ke6 35. b4 a5 36. bxa5 Ra8 37. a6 Rxa6 38. Rb1 Ra5 39. Rxb7 Rxc5 40. d7 Rd5 41. d8=Q Rxd8 42. Rxh7 Ra8 43. Rh6+ Kf5 44.
Rh5+ Kf6 45. Rh6+ Kf5 46. Rh8 Ra3+ 47. Kh4 Rxa2 48. Rf8+ Ke4 49. Kg3 Kd3 50. Rf3+ Kd4 51. Rf8 e4 52. Rd8+ Kc3 53. h4 e3 54. Kf3 e2 55. Re8 Ra4 56. Re3+ Kd4 57. Rxe2 Ra3+ 58. Kg4 Ra1 59. h5 Rg1+ 60. Kf5 Rf1+ 61. Kg6 Rg1+ 62. Kh7 Kd5 63. h6 Kd6 64. Kh8 Kd7 65. h7 Kd6 66. Re8 Kd7 67. Rg8 Rh1 68. Kg7 Rg1+ 69. Kf6 Rf1+ 70. Ke5 Re1+ 71. Kd4 1-0

[Event "*** Titled Tuesday Blitz"]
[Site "Chess.com"]
[Date "2020.05.19"]
[Round "1"]
[White "MirMan90"]
[Black "Zarikovs1999"]
[Result "1-0"]
[WhiteElo "2751"]
[BlackElo "2400"]
[TimeControl "180+1"]
[EndTime "12:08:13 PDT"]
[Termination "MirMan90 won on time"]

1. e4 c5 2. Nf3 Nf6 3. e5 Nd5 4. Nc3 e6 5. Nxd5 exd5 6. d4 Nc6 7. dxc5 Bxc5 8. Bd3 d6 9. exd6 Bxd6 10. O-O h6 11. h3 O-O 12. Be3 Qf6 13. c3 Ne5 14. Nd4 Nxd3 15. Qxd3 Bd7 16. Rfe1 Rfe8 17. Rad1 a6 18. Ne2 Bc6 19. Bd4 Qe6 20. Qd2 Qf5 21. Nc1 Re6 22. Rxe6 fxe6 23. Re1 e5 24. Bb6 Rf8 25. Ne2 Qg6 26. Ng3 e4 27. Nf1 Bf4 28. Be3 Bc7 29. Bc5 Rf7 30. Ne3 Rd7 31. Nc2 Qf7 32. Qe3 Bf4 33.
Qd4 Qe6 34. a4 Be5 35. Qb4 Rf7 36.
a5 g5 37. Ne3 h5 38. Qb6 Bc7 39. Qb4 g4 40. hxg4 hxg4 41. g3 Be5 42. Bd4 Bd6 43.
Qb6 Bc7 44. Qa7 Qg6 45. Kg2 Qh5 46. Rh1 Rxf2+ 47. Kxf2 Qxh1 48. Qa8+ Kf7 49. Ke2 Qf3+ 50. Kd2 Qf2+ 51. Kc1 Qxg3 52. Qh8 Qe1+ 53. Kc2 Qe2+ 54. Kb1 Qe1+ 55. Ka2 Ke6 56. Qf6+ Kd7 57. Nf5 Qe2 58. Qe7+ Kc8 59. Qf8+ Kd7 60. Qf7+ Kc8 61. Ne7+ Kb8 62. Qf8+ 1-0

[Event "*** Titled Tuesday Blitz"]
[Site "Chess.com"]
[Date "2020.05.19"]
[Round "1"]
[White "colonelcassad"]
[Black "RovenVogel"]
[Result "1-0"]
[WhiteElo "2432"]
[BlackElo "2730"]
[TimeControl "180+1"]
[EndTime "12:08:13 PDT"]
[Termination "colonelcassad won by resignation"]

1. d4 Nf6 2. Nf3 g6 3. Bf4 Bg7 4. e3 O-O 5. h3 c5 6. c3 d6 7. Be2 Qb6 8. Qb3 Be6 9. Qxb6 axb6 10. a3 Nc6 11. Nbd2 Nd5 12. Bh2 Nc7 13. O-O Rfc8 14.
Rfd1 b5 15. dxc5 dxc5 16. Bxc7 Rxc7 17. Bxb5 Na5 18. a4 Nb3 19. Nxb3 Bxb3 20. Rd2 b6 21.
Ne1 Rca7 22. Bc6 Rc8 23. Bb5 Rca8 24. Bc6 Rc8 25. Bb5 Ra5 26. Rd7 Bf6 27. Rb7 Rd8 28. Rxb6 Rd2 29. Nd3 c4 30. Nc5 Rxb2 31. Nb7 Ra8 32.
Bxc4 Bxc3 33. Bxb3 Rxb3 34. Rxb3 Bxa1 35. a5 Ra6 36. Rb5 Bc3 37. Kf1 Kf8 38. Ke2 Ke8 39.
Kd3 Be1 40. f3 h5 41. Kc4 h4 42. Rb1 Bxa5 43. Ra1 Rc6+ 44. Kd5 Rc2 45. Rxa5 Kf8 46.
Ra4 Rd2+ 47. Ke5 g5 48. Rg4 Rb2 49. Nc5 Rb5 50. Kd5 f6 51. f4 gxf4 52. exf4 Rb2 53. f5 Kf7 54. Ne6 Rd2+ 55. Ke4 Ra2 56. Rg7+ Ke8 57.
Kf3 Ra3+ 58. Kg4 Ra4+ 59. Kh5 Ra2 60. Rg4 Rf2 61. Kxh4 Kd7 62. Ng7 Kd6 63. Kh5 Ke5 64. h4 Rf1 65. Kg6 1-0

[Event "*** Titled Tuesday Blitz"]
[Site "Chess.com"]
[Date "2020.05.19"]
[Round "1"]
[White "Piotrek1979"]
[Black "Buffy7"]
[Result "0-1"]
[WhiteElo "2345"]
[BlackElo "2648"]
[TimeControl "180+1"]
[EndTime "12:08:13 PDT"]
[Termination "Buffy7 won by resignation"]

1. Nf3 d5 2. c4 e6 3. e3 Nf6 4. b3 dxc4 5. Bxc4 a6 6. a4 c5 7. O-O Nc6 8. Bb2 Be7 9. Qe2 O-O 10. Rd1 Na5 11. d4 Nxc4 12. bxc4 cxd4 13. exd4 b6 14. d5 exd5 15. cxd5 Bd6 16. Nc3 Re8 17. Qd3 Bg4 18. Rac1 Qd7 19. h3 Bh5 20. Re1 Bxf3 21. Qxf3 Be5 22. Rxe5 Rxe5 23. Ne4 Rxe4 24. Bxf6 Qxd5 25.
Qg3 g6 26. Qc3 Rf8 27. Bg7 Rfe8 28. Bh8 R4e5 29. Bxe5 Qxe5 30. Qxe5 Rxe5 31. Rc8+ Kg7 32. Rc6 Re1+ 33. Kh2 Ra1 34. Rxb6 Rxa4 35. g4 Ra3 36. Kg2 a5 37. h4 h5 38. g5 Ra4 39. Kg3 Rg4+ 40.
Kh3 a4 41. f3 Rc4 42. Kg3 Kf8 43. Rb7 Ke8 44. Ra7 Rb4 45. Kh3 Kf8 46. Kg3 Kg7 47.
Kh3 Kf8 48. Kg3 Ke8 49. Kh3 Rb3 50. Kg3 a3 51. Kf4 Kd8 52. Rxf7 Rb4+ 53. Ke5 Ra4 54.
Rf8+ Ke7 55. Rc8 a2 56. Rc7+ Kd8 57. Rc1 a1=Q+ 58. Rxa1 Rxa1 59. Kf6 Ra6+ 60. Kf7 Kd7 61. f4 Kd8 62. f5 gxf5 63. g6 f4 64. g7 Ra7+ 65.
Kg6 Rxg7+ 66. Kxg7 f3 0-1

[Event "*** Titled Tuesday Blitz"]
[Site "Chess.com"]
[Date "2020.05.19"]
[Round "1"]
[White "temus_galaktionov"]
[Black "colegiodemadrid"]
[Result "1/2-1/2"]
[WhiteElo "2703"]
[BlackElo "2382"]
[TimeControl "180+1"]
[EndTime "12:08:14 PDT"]
[Termination "Game drawn by repetition"]

1. d4 d5 2. Nf3 e6 3. c4 Nf6 4. Nc3 Be7 5. Bf4 O-O 6. e3 b6 7. Bd3 dxc4 8. Bxc4 Ba6 9. Bxa6 Nxa6 10.
O-O c5 11. Qa4 Nb4 12. Rfd1 cxd4 13. Rxd4 Nbd5 14. Nxd5 exd5 15. Rad1 Qe8 16. Qb3 Rc8 17. Bg5 h6 18. Bxf6 Bxf6 19. Rxd5 Qe4 20. h3 Qc2 21. Qxc2 Rxc2 22. R1d2 Rfc8 23. b3 R8c7 24. g4 g6 25. Kg2 Kg7 26. Rxc2 Rxc2 27. Rd2 Rc7 28. Nd4 a6 29.
Kf3 b5 30. Ke4 Rc1 31. Nf3 b4 32. h4 Ra1 33. Rc2 Bc3 34. Nd4 Rh1 35. Nf3 Ra1 36. Kd5 Rd1+ 37. Kc5 a5 38. Kb5 Rd5+ 39. Kc6 Rd1 40.
Re2 f5 41. gxf5 gxf5 42. e4 f4 43. Kb5 Rd3 44. Nh2 Rh3 45. f3 Rxh4 46. Kxa5 Kf6 47. Ka4 Ke5 48. a3 Kd4 49. Rg2 bxa3 50. Kxa3 Rh5 51.
b4 Kc4 52. Rc2 Kd3 53. Rg2 Kc4 54. Rc2 Kd3 55. Ra2 Kc4 56. Rc2 1/2-1/2

[Event "*** Titled Tuesday Blitz"]
[Site "Chess.com"]
[Date "2020.05.19"]
[Round "1"]
[White "RobPeresian"]
[Black "Chess_Boxer123"]
[Result "0-1"]
[WhiteElo "2277"]
[BlackElo "2572"]
[TimeControl "180+1"]
[EndTime "12:08:14 PDT"]
[Termination "Chess_Boxer123 won on time"]

1. Nf3 d5 2. d4 Nf6 3. c4 c6 4. Nc3 e6 5. Bg5 Nbd7 6. e3 Qa5 7. Nd2 Bb4 8. Qc2 O-O 9. a3 Bxc3 10. Qxc3 Qxc3 11.
bxc3 c5 12. cxd5 exd5 13. Bd3 h6 14. Bf4 Re8 15. h3 b6 16. O-O c4 17. Bc2 Bb7 18. a4 Bc6 19. Rfb1 a5 20. Bc7 Ra6 21.
Re1 Rc8 22. Bh2 Kf8 23. f3 b5 24. axb5 Bxb5 25. Reb1 Bc6 26. Bd6+ Kg8 27. Kf2 a4 28. Ba3 Ne8 29. Rb2 Nc7 30. Rab1 g6 31. e4 Kg7 32. e5 Ne6 33. g3 h5 34. Ke3 f6 35.
f4 f5 36. h4 Kf7 37. Nf3 Raa8 38. Bd1 Rab8 39. Bd6 Rxb2 40. Rxb2 Ra8 41. Ba3 Ke8 42. Ne1 Nc7 43. Bb4 Nb5 44. Nc2 Nf8 45. Kd2 Ne6 46.
Ra2 Nbc7 47. Bf3 Kd7 48. Ne3 Na6 49. Ba3 Nac7 50. Rb2 Nb5 51. Bb4 a3 52. Ra2 Nec7 53.
Nc2 Ne6 54. Nxa3 Nbxd4 55. cxd4 Nxd4 56. Bd1 Nb5 57. Ra1 d4 58. Nc2 Rb8 59. Bc5 d3 0-1

[Event "*** Titled Tuesday Blitz"]
[Site "Chess.com"]
[Date "2020.05.19"]
[Round "1"]
[White "Misha_Bilous"]
[Black "Anna_Ko_Rnd"]
[Result "1-0"]
[WhiteElo "2465"]
[BlackElo "1641"]
[TimeControl "180+1"]
[EndTime "12:08:14 PDT"]
[Termination "Misha_Bilous won on time"]

1. d4 Nf6 2. c4 e6 3. Nf3 b6 4. g3 Bb7 5. Bg2 Bb4+ 6. Bd2 Bxd2+ 7. Qxd2 O-O 8. O-O d5 9. Ne5 Nbd7 10. Nc3 Rb8 11.
cxd5 Nxd5 12. Nxd5 exd5 13. Nd3 c5 14. dxc5 bxc5 15. Rac1 Qb6 16. Bh3 c4 17. Bxd7 cxd3 18. exd3 Rfd8 19. Bh3 Ba6 20. b3 Qb5 21. d4 Qb4 22.
Qxb4 Rxb4 23. Rfd1 Be2 24. Rd2 Bf3 25. Rc3 Be4 26.
f3 Bg6 27. Kf2 h6 28. a3 Rb6 29. b4 Re8 30. Re2 Rxe2+ 31. Kxe2 Ra6 32. b5 Ra4 33. Ke3 Kf8 34. Bd7 Ra5 35. Bc6 Ke7 36.
Bxd5 Rxb5 37. Be4 Bxe4 38. fxe4 Rb7 39. d5 Kd6 40. Kd4 Rb6 41. e5+ Kd7 42. d6 Rb7 43.
Kd5 Rb5+ 44. Kd4 Rb7 45. g4 g6 46. Rh3 h5 47. gxh5 gxh5 48. Rxh5 Rb3 49. Rf5 Ke8 50. h4 Rxa3 51. h5 Rh3 52. Kc5 Rb3 53.
h6 Rh3 54. Rf6 a5 55. Kb5 1-0

[Event "*** Titled Tuesday Blitz"]
[Site "Chess.com"]
[Date "2020.05.19"]
[Round "1"]
[White "2346PL"]
[Black "Kezin_Roman"]
[Result "1-0"]
[WhiteElo "2417"]
[BlackElo "2742"]
[TimeControl "180+1"]
[EndTime "12:08:15 PDT"]
[Termination "2346PL won on time"]

1. d4 d5 2. Nf3 Nf6 3. c3 g6 4.
Bf4 Bg7 5. h3 O-O 6. Nbd2 c5 7.
e3 Nc6 8. Be2 Nd7 9. O-O e5 10.
dxe5 Ndxe5 11. Nxe5 Nxe5 12. Bxe5 Bxe5 13. Bf3 Be6 14. Qe2 Qb6 15. Rab1 Rfd8 16. Rfd1 Rac8 17.
Bg4 f5 18. Bf3 Bg7 19. g3 Rd7 20. Bg2 Rcd8 21. Nf3 Bf6 22. h4 Kg7 23. Rd2 Qa5 24. a3 Qc7 25. Rbd1 h6 26. Ne1 Bf7 27. Nd3 d4 28. cxd4 cxd4 29. e4 fxe4 30. Bxe4 Re7 31. Qf3 Qd7 32. h5 g5 33. Nc5 Qh3 34. Bf5 Qxh5 35.
Bg4 Qg6 36. Bf5 Bd5 37. Qg4 h5 38. Qh3 Qf7 39. g4 Rh8 40. f3 hxg4 41. Qxg4 Rh4 42. Qg2 Be5 43. Qxg5+ Kf8 44. Qxh4 Qxf5 45. Rg2 Bxf3 46.
Rf1 Rg7 47. Qd8+ Kf7 48. Rxf3 Qxf3 49. Qd7+ Kf8 50. Ne6+ Kg8 51. Rxg7+ Kh8 52. Qe8+ 1-0

[Event "*** Titled Tuesday Blitz"]
[Site "Chess.com"]
[Date "2020.05.19"]
[Round "1"]
[White "KanseiMigatte"]
[Black "GMKrikor"]
[Result "0-1"]
[WhiteElo "2401"]
[BlackElo "2755"]
[TimeControl "180+1"]
[EndTime "12:08:15 PDT"]
[Termination "GMKrikor won by resignation"]

1. d4 Nf6 2. c4 g6 3. Nc3 d5 4. cxd5 Nxd5 5. e4 Nxc3 6. bxc3 c5 7.
Be3 Bg7 8. h3 Qa5 9. Qd2 Nc6 10.
Nf3 O-O 11. Be2 cxd4 12. cxd4 Qxd2+ 13. Kxd2 Rd8 14. Kc3 Be6 15. Rhd1 Rac8 16. Kb2 Na5 17. Rac1 Nc4+ 18. Bxc4 Bxc4 19. Kb1 b6 20. d5 e6 21. d6 e5 22. Kb2 f6 23. Rd2 Kf7 24.
Rdc2 Be6 25. Rc7+ Rxc7 26. Rxc7+ Rd7 27. Ne1 Bf8 28. Nd3 Bxd6 29. Rxd7+ Bxd7 30. Bd2 a5 31. f3 Bb5 32. Kc2 Bc4 33. Nc1 Ke6 34. g3 f5 35. exf5+ gxf5 36. Be3 Bc7 37. h4 f4 38. gxf4 exf4 39. Bd2 Bd5 40. Nd3 Kf5 41. Ne1 h5 42.
Kd3 b5 43. Kd4 Bxa2 44. Kc5 Bc4 45. Nc2 Bd8 46. Nd4+ Ke5 47. Bc3 Be7+ 48. Kc6 Bd5+ 49. Kd7 Bc5 50. Nc6+ Kf5 51. Ne7+ Bxe7 52. Kxe7 b4 53.
Kd6 bxc3 0-1

[Event "*** Titled Tuesday Blitz"]
[Site "Chess.com"]
[Date "2020.05.19"]
[Round "1"]
[White "Gabrielian_Artur"]
[Black "MathiasWomacka"]
[Result "1-0"]
[WhiteElo "2722"]
[BlackElo "2382"]
[TimeControl "180+1"]
[EndTime "12:08:15 PDT"]
[Termination "Gabrielian_Artur won by resignation"]

1. e4 c5 2. Nc3 Nc6 3. Bb5 Nd4 4. Bc4 e6 5. Nf3 Nf6 6. O-O a6 7. d3 b5 8. Bb3 Nxb3 9. axb3 Bb7 10.
e5 Nd5 11. Ne4 d6 12. Re1 dxe5 13. Nxe5 Be7 14. Qg4 g6 15. Bh6 Nb4 16. Nxf7 Kxf7 17. Ng5+ Ke8 18. Nxe6 Qd7 19. Re2 Bd5 20. Rae1 Rg8 21.
c4 Bxe6 22. Rxe6 Nc6 23. Qe4 Rc8 24. h4 Rc7 25. Bf4 Rc8 26. Bd6 Rg7 27. Bxc5 Kf8 28. Be3 Rf7 29. h5 gxh5 30. Bh6+ Kg8 31. Re3 Kh8 32.
Rg3 Rg8 33. Rxg8+ Kxg8 34. Rxc6 Qf5 35. Qxf5 Rxf5 36. Rxa6 bxc4 37. bxc4 Bc5 38. Be3 Bxe3 39. fxe3 h4 40. b4 Rg5 41. Kf2 Rf5+ 42. Ke2 Rg5 43.
Kf3 Rf5+ 44. Kg4 Rf2 45. Kxh4 Rxg2 46. b5 Rd2 47. d4 Rd3 48. Re6 Rc3 49. c5 Kf7 50.
Re5 Kf6 51. b6 Rb3 52. Kg4 1-0

[Event "*** Titled Tuesday Blitz"]
[Site "Chess.com"]
[Date "2020.05.19"]
[Round "1"]
[White "Belka1989"]
[Black "binbin239"]
[Result "0-1"]
[WhiteElo "2157"]
[BlackElo "2509"]
[TimeControl "180+1"]
[EndTime "12:08:15 PDT"]
[Termination "binbin239 won by checkmate"]

1. d4 Nf6 2. Nf3 g6 3. Bf4 Bg7 4. e3 O-O 5. Be2 d5 6. O-O c5 7. c3 Nc6 8. Nbd2 Nd7 9. Qb3 e5 10. dxe5 Ndxe5 11. Nxe5 Nxe5 12. Rfd1 Nc6 13. Nf3 d4 14.
cxd4 cxd4 15. exd4 Qe7 16. Re1 Nxd4 17. Nxd4 Bxd4 18.
Bc4 Qf6 19. Bg3 Bf5 20. Rad1 b6 21. h3 Rad8 22. Bd5 Bxb2 23. Re2 Bd4 24. Red2 Be5 25.
Bxf7+ Rxf7 26. Rxd8+ Kg7 27. Bxe5 Qxe5 28. R8d6 Be4 29. Qe3 Qf5 30. Qg3 h5 31. Qc3+ Kh7 32. Qe3 Bc2 33. R1d2 Ba4 34. Qg3 Be8 35. R2d5 Qb1+ 36.
Kh2 Rg7 37. Rd1 Qxa2 38. R1d2 Qc4 39. Rd8 Bf7 40. Qd6 a5 41. Qf8 Bg8 42. Qf3 a4 43. Qd3 Qf4+ 44. Qg3 Qf6 45. R8d6 Qf5 46. Rxb6 a3 47. Rd1 a2 48. Ra1 Bd5 49. Rb2 Rf7 50. Rbxa2 Bxa2 51. Rxa2 Qf6 52. Ra3 h4 53. Rf3 hxg3+ 54.
Kxg3 Qg5+ 55. Kh2 Rxf3 56. gxf3 Qf4+ 57. Kg2 Kh6 58. h4 Kh5 59. Kh3 Qxh4+ 60. Kg2 Qg5+ 61.
Kf1 Qf4 62. Kg2 Kh4 63. Kf1 Qxf3 64. Kg1 g5 65. Kf1 g4 66. Kg1 g3 67. fxg3+ Qxg3+ 68. Kf1 Qh2 69. Ke1 Kg3 70. Kf1 Qf2# 0-1

[Event "*** Titled Tuesday Blitz"]
[Site "Chess.com"]
[Date "2020.05.19"]
[Round "1"]
[White "Sebastian"]
[Black "Lovinski"]
[Result "1-0"]
[WhiteElo "2907"]
[BlackElo "2450"]
[TimeControl "180+1"]
[EndTime "12:08:16 PDT"]
[Termination "Sebastian won by resignation"]

1. e4 e5 2. Nf3 Nc6 3. Bb5 a6 4. Ba4 Nf6 5. O-O Be7 6. Re1 b5 7. Bb3 d6 8. a4 Bb7 9. d3 O-O 10. Nbd2 h6 11. Nf1 Re8 12. Ne3 Bf8 13. Bd2 Ne7 14. h3 Ng6 15. Nf5 d5 16. exd5 Bxd5 17. Bxd5 Qxd5 18. Ng3 Rad8 19. axb5 axb5 20. Ra6 e4 21. Rxf6 gxf6 22. dxe4 Qc6 23. Qc1 Kh7 24. Nh2 Qd7 25. Bc3 Bg7 26. Ng4 Ne5 27. Nf5 Nxg4 28. hxg4 Re5 29. Bxe5 fxe5 30. Qe3 Qd2 31. Qxd2 Rxd2 32.
Ne3 Bf6 33. Rd1 Rxd1+ 34. Nxd1 Kg6 35. g3 c6 36. Kg2 Be7 37. Ne3 Kf6 38. f4 Ke6 39.
Nf5 Bf8 40. b3 c5 41. c4 bxc4 42. bxc4 Kf6 43. Kh3 Kg6 44. Kg2 Kf6 45. Kf3 Ke6 46.
Ne3 exf4 47. gxf4 Bd6 48. e5 Bc7 49. Ke4 Ba5 50. f5+ Ke7 51. Nd5+ Kf8 52. f6 Kg8 53.
Kf5 Kh7 54. Ne7 Bc7 55. Nc6 Bb6 56. Nb8 Bc7 57. Nd7 Ba5 58. Nxc5 Bc3 59. Ne4 Bb2 60. c5 Bd4 61. c6 Bb6 62. Nd6 h5 63. gxh5 Kh6 64.
Nxf7+ Kh7 65. Nd6 Bd8 66. Nb5 Bc7 67. Nxc7 Kh6 68. Ne6 1-0

[Event "*** Titled Tuesday Blitz"]
[Site "Chess.com"]
[Date "2020.05.19"]
[Round "1"]
[White "StephenDedalus83"]
[Black "ljuks68"]
[Result "1-0"]
[WhiteElo "2737"]
[BlackElo "2394"]
[TimeControl "180+1"]
[EndTime "12:08:16 PDT"]
[Termination "StephenDedalus83 won on time"]

1. e4 e6 2. d4 d5 3. Nc3 Bb4 4. e5 Ne7 5. a3 Bxc3+ 6. bxc3 c5 7. Qg4 Qc7 8. Bd3 c4 9. Be2 Nf5 10. Nf3 Bd7 11. Nh4 Nxh4 12. Qxh4 Ba4 13. Ra2 O-O 14. Bg5 Nc6 15. O-O Rae8 16. f4 Ne7 17. g4 Ng6 18. Qh5 f6 19. exf6 gxf6 20. Bh6 Rf7 21.
Rf2 f5 22. Ra1 Bxc2 23. Raf1 Be4 24. h3 Kh8 25. Bd1 Rg8 26. Kh2 Qa5 27. gxf5 exf5 28. Rf3 Qxa3 29. Rg3 Qb2+ 30. Qe2 Qxe2+ 31. Bxe2 b5 32.
Bg5 a5 33. Ra1 Ra8 34. h4 Rff8 35. h5 b4 36. hxg6 hxg6 37. Rh3+ Kg8 38. Be7 Rf7 39. Bxb4 Rfa7 40. Bd6 a4 41. Be5 a3 42. Rh8+ Kf7 43. Rxa8 Rxa8 44. Kg3 a2 45. Kf2 Bb1 46. Ke3 Ra3 47.
Kd2 Ra8 48. Bd1 Ke6 49. Bc2 Bxc2 50. Kxc2 Ra7 51. Kb2 Rh7 52. Rxa2 Rh2+ 53. Ka3 Rh3 54. Kb4 Rg3 55. Ra6+ Kf7 56. Rd6 g5 57. fxg5 Rxg5 58.
Rxd5 f4 59. Rd6 1-0

[Event "*** Titled Tuesday Blitz"]
[Site "Chess.com"]
[Date "2020.05.19"]
[Round "1"]
[White "Skatchkov_V"]
[Black "mfwagnerpeixoto"]
[Result "1-0"]
[WhiteElo "2543"]
[BlackElo "2224"]
[TimeControl "180+1"]
[EndTime "12:08:16 PDT"]
[Termination "Skatchkov_V won on time"]

1. d4 e6 2. c4 Nf6 3. Nf3 d5 4. g3 Be7 5. Bg2 O-O 6. O-O dxc4 7. Qc2 a6 8. a4 Bd7 9. Qxc4 Bc6 10. Bf4 a5 11. Nc3 Na6 12. Rfe1 Bxf3 13. Bxf3 c6 14. e4 Nb4 15. Rad1 Qb6 16. Qb3 Rfd8 17. Be3 Qc7 18. Bg2 Bf8 19. h3 Rac8 20. Bg5 Be7 21. Bf4 Qb6 22. Be3 Qc7 23. Rc1 Qb8 24. Bf4 Qa7 25. Be3 Qb8 26. Qc4 c5 27. d5 exd5 28. exd5 Bf8 29. Rcd1 Nc2 30. Bf4 Qa8 31. Nb5 Nxe1 32.
Rxe1 Qa6 33. d6 h6 34. Rd1 g6 35. h4 Bg7 36. Bh3 Rc6 37. d7 Nh5 38. Re1 Kh7 39.
Re8 Qa8 40. Rxd8 Qxd8 41. Qxf7 Nxf4 42. Qxf4 Rf6 43. Qc7 Qxc7 44. Nxc7 Rd6 45. Nb5 Rd1+ 46. Kg2 Bxb2 47. Be6 Bf6 48. Kf3 c4 49. Ke2 1-0

[Event "*** Titled Tuesday Blitz"]
[Site "Chess.com"]
[Date "2020.05.19"]
[Round "1"]
[White "CrushingKings"]
[Black "BulletMercenary"]
[Result "1-0"]
[WhiteElo "2497"]
[BlackElo "2080"]
[TimeControl "180+1"]
[EndTime "12:08:16 PDT"]
[Termination "CrushingKings won on time"]

1. e4 e6 2. Nf3 d5 3. Nc3 h6 4. d4 dxe4 5. Nxe4 Nf6 6. Bd3 b6 7. Nxf6+ Qxf6 8. Be4 c6 9. Ne5 Bb7 10. O-O Bd6 11. Qh5 g6 12. Qe2 Bxe5 13. dxe5 Qe7 14.
Qf3 Qc5 15. Qf6 Rh7 16. Be3 Nd7 17. Bxc5 Nxf6 18. exf6 bxc5 19. Rfd1 Rd8 20. h4 h5 21. a4 Rh8 22. f4 Rd4 23. Rxd4 cxd4 24. Rd1 Kd7 25.
Rxd4+ Kc7 26. Kf2 Rb8 27. b3 c5 28. Rc4 Bxe4 29. Rxe4 Kc6 30. Ke2 Rd8 31. g3 Rd5 32. Re3 Rf5 33. Rd3 Rxf6 34. Rd8 Rf5 35. Re8 Rd5 36. Re7 Rd7 37. Re8 Kd5 38. Ke3 c4 39. b4 c3 40. Rc8 Rb7 41. b5 a6 42. bxa6 Ra7 43. Rxc3 Rxa6 44. Ra3 Kc4 45. Ke4 f6 46.
c3 Ra5 47. Ke3 Ra6 48. Kf3 Kc5 49. a5 Kb5 50. Ra1 Kc4 51. Ke4 Kxc3 52. Rc1+ Kb4 53. Rc8 Kxa5 54. Rg8 Kb5 55. Rxg6 f5+ 56. Ke5 Ra3 57. Kxe6 Kc5 58. Kxf5 Kd5 59. Rg5 Kd6 60. Kg6 Ra7 61. Kxh5 1-0

[Event "*** Titled Tuesday Blitz"]
[Site "Chess.com"]
[Date "2020.05.19"]
[Round "1"]
[White "ErikBlomqvist"]
[Black "Igor_Lysyj"]
[Result "0-1"]
[WhiteElo "2401"]
[BlackElo "2802"]
[TimeControl "180+1"]
[EndTime "12:08:17 PDT"]
[Termination "Igor_Lysyj won by resignation"]

1. e4 e5 2. Nf3 Nc6 3. Bb5 a6 4. Ba4 Nf6 5. O-O Bc5 6. c3 O-O 7. d4 Ba7 8. dxe5 Nxe4 9. Qd5 Nc5 10. Bc2 Ne7 11. Qd1 d5 12. exd6 Qxd6 13. Qxd6 cxd6 14. Bf4 Bf5 15. Bxf5 Nxf5 16. Rd1 Ne4 17. Nd4 Nxd4 18. cxd4 Rac8 19. f3 Nf6 20. Nc3 Rc4 21. Bxd6 Rxd4 22.
Kf1 Re8 23. Bg3 Rc4 24. Bf2 Bb8 25. Bg3 Bxg3 26. hxg3 h5 27. Kf2 b5 28. a3 a5 29.
Rd2 b4 30. axb4 axb4 31. Ne2 Rec8 32. Ra4 g6 33. b3 Rc2 34. Rxc2 Rxc2 35. Rxb4 Nd5 36.
Rc4 Rb2 37. Ke1 Rxb3 38. Rc2 Ne3 39. Rc8+ Kg7 40. Kf2 Nf5 41. Rc2 Ra3 42. Rd2 g5 43. Nd4 Ne7 44. Re2 Kf6 45. Rc2 Ra4 46. Ne2 h4 47.
Nc3 Ra6 48. Ne4+ Kg6 49. gxh4 gxh4 50. Kg1 f5 51. Nf2 Nd5 52. Kh2 Ne3 53. Rb2 Ra1 54.
Nd3 Kg5 55. Rb8 Ra2 56. Rg8+ Kf6 57. Kh3 Kf7 58. Rg5 Kf6 59. Rg8 Ra1 60. Kxh4 Rg1 61.
Kg3 Rxg2+ 0-1

[Event "*** Titled Tuesday Blitz"]
[Site "Chess.com"]
[Date "2020.05.19"]
[Round "1"]
[White "DenishevM"]
[Black "barbara25"]
[Result "1-0"]
[WhiteElo "2521"]
[BlackElo "2196"]
[TimeControl "180+1"]
[EndTime "12:08:17 PDT"]
[Termination "DenishevM won by resignation"]

1. d4 d5 2. c4 c6 3. Nf3 Nf6 4.
e3 Bf5 5. Nc3 e6 6. Nh4 Be4 7.
f3 Bg6 8. Nxg6 hxg6 9. Qb3 Qc7 10. g3 Nbd7 11. Bg2 a6 12. Bd2 dxc4 13. Qxc4 c5 14. O-O b5 15. Qe2 Rc8 16. Rae1 Bd6 17. dxc5 Bxc5 18. f4 O-O 19. Kh1 Rfd8 20. e4 e5 21. Nd5 Nxd5 22. exd5 exf4 23. Bxf4 Qb6 24. Bh3 Ra8 25. Qf3 Nf6 26. Bg5 Bd4 27. Re7 Re8 28.
Rfe1 Rxe7 29. Rxe7 Qd6 30. Re2 Re8 31. Rxe8+ Nxe8 32. Qe4 Qe5 33. Qxe5 Bxe5 34. Bc8 a5 35. b3 Nd6 36. Bd7 f6 37. Be3 Kf8 38. Bb6 Ke7 39. Bc6 a4 40. Bc5 axb3 41. axb3 f5 42. Bxb5 Kd8 43.
Bc6 Kc7 44. Kg2 Nb7 45. Bxb7 Kxb7 46. Kf3 Ka6 47. b4 Kb5 48. h3 g5 49. g4 f4 50. Ke4 Bf6 51. Kf5 Kc4 52. Ke6 Kb5 53. d6 Kc6 54. d7 f3 55. Be3 Bd8 56.
Bf2 Kc7 57. b5 Kb8 58. Kf7 Kc7 59. Ke8 Bf6 60. b6+ Kb7 61. d8=Q 1-0

[Event "*** Titled Tuesday Blitz"]
[Site "Chess.com"]
[Date "2020.05.19"]
[Round "1"]
[White "MisiekZielony"]
[Black "Tashik"]
[Result "0-1"]
[WhiteElo "2105"]
[BlackElo "2503"]
[TimeControl "180+1"]
[EndTime "12:08:17 PDT"]
[Termination "Tashik won on time"]

1. c4 c5 2. Nc3 Nf6 3. g3 d5 4. cxd5 Nxd5 5. Bg2 Nc7 6. Qa4+ Nd7 7. Nf3 g6 8. d4 Bg7 9. O-O O-O 10.
Rd1 cxd4 11. Nxd4 Nb6 12. Qc2 Bxd4 13. e3 Bf5 14. Be4 Bxe4 15. Qxe4 Ncd5 16. Nxd5 Qxd5 17. Qxd4 Qh5 18. e4 Rac8 19. Be3 e5 20. Qd3 Nc4 21. Rab1 b6 22. b3 Nxe3 23. Qxe3 Rc2 24. Rd2 Rfc8 25. h4 Qg4 26. Re1 Qh3 27. Rxc2 Rxc2 28. Qd3 Rc8 29. Qf3 Kg7 30. Rd1 Qe6 31. Qe2 Rc7 32. Rd5 h5 33. Qd2 Qf6 34. Qd3 Rc1+ 35. Kg2 Qe6 36.
a4 Qg4 37. Rxe5 Qd1 38. Qxd1 Rxd1 39. Rd5 Rb1 40. Rd7 Rxb3 41. Rxa7 Rb4 42. Rb7 Rxe4 43. Rxb6 Rxa4 44. Rb2 Ra7 45. Rd2 Re7 46. Re2 Rxe2 47. Kf3 Ra2 48. Kg2 f6 49. Kf3 g5 0-1